BBA
ROCKY MOUNTAIN OYSTERS @ LAS VEGAS HUSTLERS
05/04/2059
 
TOP OF THE 1ST
Rocky Mountain Oysters batting - Pitching for Las Vegas Hustlers : RHP Mahad Einan
Pitching: RHP Mahad Einan
Batting: LHB Steve Cahill 0-0: Ball
1-0: Called Strike
1-1: Ball
2-1: Ground out 6-3 (Groundball, 6, EV 82.5 MPH)
Batting: LHB Max Shepperson 0-0: Ball
1-0: Ball
2-0: Ball
3-0: Base on Balls
Batting: RHB Malik bin Mazin 0-0: Swinging Strike
0-1: Swinging Strike
0-2: Foul Ball, location: 3F
0-2: Ball
1-2: Ball
2-2: Ball
3-2: 2-RUN HOME RUN (Flyball, 7LD, EV 110.0 MPH), Distance : 398 ft
Batting: RHB Nam-cheol U 0-0: Ball
1-0: Called Strike
1-1: Fly out, F2 (Popup, 23F, EV 91.9 MPH)
Batting: RHB Mal Fountain 0-0: Ground out 6-3 (Groundball, 6, EV 106.9 MPH)
Top of the 1st over - 2 runs, 1 hit, 0 errors, 0 left on base; Rocky Mountain 2 - Las Vegas 0
BOTTOM OF THE 1ST
Las Vegas Hustlers batting - Pitching for Rocky Mountain Oysters : LHP Denny Tabb
Pitching: LHP Denny Tabb
Batting: RHB Tom Rudge 0-0: Called Strike
0-1: Fly out, F8 (Flyball, 8LM, EV 92.5 MPH)
Batting: RHB Helmut Grün 0-0: Ball
1-0: Ball
2-0: Called Strike
2-1: Ball
3-1: Base on Balls
Batting: RHB Michael Pedarzolli 0-0: Called Strike
0-1: Ball
1-1: Called Strike
1-2: Ball
Wild Pitch!
Helmut Grün to second
2-2: Ground out 5-3 (Groundball, 56, EV 109.4 MPH)
Batting: RHB Tristan Lloyd 0-0: Ball
Passed Ball!
Helmut Grün to third
1-0: Ball
2-0: Foul Ball, location: 2F
2-1: Ball
3-1: Foul Ball, location: 23F
3-2: Strikes out swinging
Bottom of the 1st over - 0 runs, 0 hits, 0 errors, 1 left on base; Rocky Mountain 2 - Las Vegas 0
TOP OF THE 2ND
Rocky Mountain Oysters batting - Pitching for Las Vegas Hustlers : RHP Mahad Einan
Batting: RHB Federico Linares 0-0: Ball
1-0: Ball
2-0: Foul Ball, location: 3SF
2-1: Ball
3-1: Foul Ball, location: 2F
3-2: DOUBLE (Line Drive, 9LS, EV 108.8 MPH)
Batting: LHB Luis Morales 0-0: Called Strike
0-1: SINGLE (Line Drive, 7S, EV 94.4 MPH)
Federico Linares to third
Batting: SHB Lúcio Guevara 0-0: Called Strike
0-1: Swinging Strike
0-2: Ball
1-2: Ball
2-2: Foul Ball, location: 2F
2-2: Strikes out swinging
Batting: RHB Tynan Potter 0-0: Called Strike
0-1: Ball
1-1: Ball
2-1: Swinging Strike
2-2: Ball
3-2: Fly out, F7 (Flyball, 7D, EV 92.5 MPH)
Runner from 3rd tags up, SCORES, no throw by LF
Batting: LHB Steve Cahill 0-0: Ball
Luis Morales steals 2nd base
1-0: Ball
2-0: Foul Ball, location: 7LDF
2-1: Swinging Strike
2-2: Fly out, F4 (Popup, 4, EV 66.9 MPH)
Top of the 2nd over - 1 run, 2 hits, 0 errors, 1 left on base; Rocky Mountain 3 - Las Vegas 0
BOTTOM OF THE 2ND
Las Vegas Hustlers batting - Pitching for Rocky Mountain Oysters : LHP Denny Tabb
Batting: RHB Stepan Shabrov 0-0: Ball
1-0: Foul Ball, location: 2F
1-1: DOUBLE (Flyball, 8LXD, EV 91.3 MPH)
Batting: RHB Randy Wright 0-0: Ball
1-0: Swinging Strike
1-1: Swinging Strike
1-2: Ball
2-2: Fly out, F7 (Line Drive, 7, EV 108.8 MPH)
Batting: RHB Stewart Turton 0-0: Ball
Stepan Shabrov is caught stealing 3rd base 2-5
1-0: SINGLE (Groundball, 6D, EV 102.5 MPH)
Batting: RHB Mike Cox 0-0: Ball
1-0: Called Strike
1-1: Called Strike
1-2: DOUBLE (Line Drive, 89XD, EV 99.4 MPH)
Stewart Turton to third
Runner from 3rd tries for Home, SAFE, no throw by RF
Batting: RHB Bryan Harris 0-0: Swinging Strike
0-1: Foul Ball, location: 2F
0-2: Ball
1-2: DOUBLE (Flyball, 78D, EV 109.4 MPH)
Mike Cox scores
Batting: RHB Tom Rudge 0-0: Ball
1-0: Fly out, F8 (Flyball, 8LD, EV 85.0 MPH)
Bottom of the 2nd over - 2 runs, 4 hits, 0 errors, 1 left on base; Rocky Mountain 3 - Las Vegas 2
TOP OF THE 3RD
Rocky Mountain Oysters batting - Pitching for Las Vegas Hustlers : RHP Mahad Einan
Batting: LHB Max Shepperson 0-0: Ball
1-0: Foul Ball, location: 3DF
1-1: Ball
2-1: Foul Ball, location: 3FF
2-2: Ball
3-2: Strikes out swinging
Batting: RHB Malik bin Mazin 0-0: Ball
1-0: Called Strike
1-1: SOLO HOME RUN (Flyball, 7D, EV 100.6 MPH), Distance : 390 ft
Batting: RHB Nam-cheol U 0-0: Ball
1-0: Swinging Strike
1-1: Ball
2-1: Called Strike
2-2: DOUBLE (Line Drive, 9LS, EV 108.8 MPH)
Batting: RHB Mal Fountain 0-0: Ball
1-0: Foul Ball, location: 2F
1-1: Called Strike
1-2: SINGLE (Line Drive, 7S, EV 104.4 MPH)
Nam-cheol U to third
Batting: RHB Federico Linares 0-0: Ground out U3 (Groundball, 3S, EV 69.4 MPH)
Nam-cheol U scores
Mal Fountain to second
Pitching: RHP Kyle McKinlay
Batting: LHB Luis Morales 0-0: Ball
1-0: Foul Ball, location: 3F
1-1: Foul Ball, location: 7LSFF
1-2: Foul Ball, location: 7LMF
1-2: Fly out, F7 (Line Drive, 7, EV 88.8 MPH)
Top of the 3rd over - 2 runs, 3 hits, 0 errors, 1 left on base; Rocky Mountain 5 - Las Vegas 2
BOTTOM OF THE 3RD
Las Vegas Hustlers batting - Pitching for Rocky Mountain Oysters : LHP Denny Tabb
Batting: RHB Helmut Grün 0-0: Ball
1-0: Foul Ball, location: 2F
1-1: Ball
2-1: Foul Ball, location: 2F
2-2: Ball
3-2: SINGLE (Groundball, 34D, EV 93.8 MPH)
Batting: RHB Michael Pedarzolli 0-0: Swinging Strike
0-1: Called Strike
0-2: Strikes out swinging
Batting: RHB Tristan Lloyd 0-0: Ball
1-0: Foul Ball, location: 9LMF
1-1: Swinging Strike
1-2: Ball
2-2: Foul Ball, location: 23F
2-2: Ball
Wild Pitch!
Helmut Grün to second
3-2: Base on Balls
Batting: RHB Stepan Shabrov 0-0: Ball
1-0: Called Strike
1-1: Ball
2-1: Ball
3-1: Fielders Choice at 2nd, 3-6 (Groundball, 3, EV 88.8 MPH)
Helmut Grün to third
Batting: RHB Randy Wright 0-0: Ball
1-0: Called Strike
1-1: SINGLE (Groundball, 3D, EV 104.4 MPH) (infield hit)
Helmut Grün scores
Stepan Shabrov to second
Batting: RHB Stewart Turton 0-0: Ball
1-0: Swinging Strike
1-1: Ball
2-1: Ball
3-1: Ground out 1-3 (Groundball, 34S, EV 65.0 MPH)
Bottom of the 3rd over - 1 run, 2 hits, 0 errors, 2 left on base; Rocky Mountain 5 - Las Vegas 3
TOP OF THE 4TH
Rocky Mountain Oysters batting - Pitching for Las Vegas Hustlers : RHP Kyle McKinlay
Batting: SHB Lúcio Guevara 0-0: Ball
1-0: Ball
2-0: Called Strike
2-1: Swinging Strike
2-2: Strikes out swinging
Batting: RHB Tynan Potter 0-0: Ball
1-0: Fly out, F7 (Line Drive, 7S, EV 91.3 MPH)
Batting: LHB Steve Cahill 0-0: Called Strike
0-1: Foul Ball, location: 7LSF
0-2: Strikes out looking
Top of the 4th over - 0 runs, 0 hits, 0 errors, 0 left on base; Rocky Mountain 5 - Las Vegas 3
BOTTOM OF THE 4TH
Las Vegas Hustlers batting - Pitching for Rocky Mountain Oysters : LHP Denny Tabb
Batting: RHB Mike Cox 0-0: Fly out, F8 (Flyball, 89M, EV 100.0 MPH)
Batting: RHB Bryan Harris 0-0: Called Strike
0-1: Foul Ball, location: 2F
0-2: Ball
1-2: Foul Ball, location: 2F
1-2: Foul Ball, location: 9LMF
1-2: SINGLE (Line Drive, 7S, EV 86.3 MPH)
Batting: RHB Tom Rudge 0-0: Ball
1-0: Ball
2-0: Called Strike
2-1: Foul Ball, location: 2F
2-2: Strikes out swinging
Batting: RHB Helmut Grün 0-0: Called Strike
0-1: DOUBLE (Flyball, 8RXD, EV 109.4 MPH)
Bryan Harris to third
Runner from 3rd tries for Home, SAFE, no throw by CF
Batting: RHB Michael Pedarzolli 0-0: Ball
1-0: Ball
2-0: Ground out 5-3 (Groundball, 56, EV 105.6 MPH)
Bottom of the 4th over - 1 run, 2 hits, 0 errors, 1 left on base; Rocky Mountain 5 - Las Vegas 4
TOP OF THE 5TH
Rocky Mountain Oysters batting - Pitching for Las Vegas Hustlers : RHP Kyle McKinlay
Batting: LHB Max Shepperson 0-0: Ball
1-0: Ball
2-0: Ball
3-0: Called Strike
3-1: Foul Ball, location: 7LDF
3-2: Foul Ball, location: 9LMF
3-2: Foul Ball, location: 2F
3-2: Ground out U3 (Groundball, 3, EV 106.3 MPH)
Batting: RHB Malik bin Mazin 0-0: SOLO HOME RUN (Flyball, 7LD, EV 98.8 MPH), Distance : 387 ft
Batting: RHB Nam-cheol U 0-0: Ball
1-0: Ball
2-0: Ground out 6-3 (Groundball, 6, EV 83.8 MPH)
Batting: RHB Mal Fountain 0-0: Called Strike
0-1: Ball
1-1: SINGLE (Groundball, 4MD, EV 100.6 MPH)
Batting: RHB Federico Linares 0-0: SINGLE (Flyball, 4MD, EV 93.8 MPH)
Mal Fountain to second
Pitching: RHP Edgar Sosa
Batting: LHB Luis Morales 0-0: Called Strike
0-1: Swinging Strike
0-2: Ball
1-2: Ground out U3 (Groundball, 3, EV 92.5 MPH)
Top of the 5th over - 1 run, 3 hits, 0 errors, 2 left on base; Rocky Mountain 6 - Las Vegas 4
BOTTOM OF THE 5TH
Las Vegas Hustlers batting - Pitching for Rocky Mountain Oysters : LHP Denny Tabb
Batting: RHB Tristan Lloyd 0-0: Fly out, F9 (Line Drive, 9, EV 90.6 MPH)
Batting: RHB Stepan Shabrov 0-0: Ball
1-0: Ball
2-0: Called Strike
2-1: Fly out, F9 (Flyball, 89D, EV 103.8 MPH)
Batting: RHB Randy Wright 0-0: Ball
1-0: Foul Ball, location: 2F
1-1: Ball
2-1: Ball
3-1: DOUBLE (Line Drive, 7LM, EV 93.1 MPH)
Batting: RHB Stewart Turton 0-0: Foul Ball, location: 3F
0-1: 2-RUN HOME RUN (Flyball, 89XD, EV 104.4 MPH), Distance : 394 ft
Pitching: RHP José Castro
Batting: RHB Mike Cox 0-0: Swinging Strike
0-1: SINGLE (Line Drive, 89M, EV 105.6 MPH)
Batting: RHB Bryan Harris 0-0: Ball
1-0: Ball
Mike Cox steals 2nd base
2-0: Ball
3-0: Called Strike
3-1: Foul Ball, location: 2F
3-2: Base on Balls
Batting: RHB Tom Rudge 0-0: Ball
1-0: Ground out 5-3 (Groundball, 56S, EV 84.4 MPH)
Bottom of the 5th over - 2 runs, 3 hits, 0 errors, 2 left on base; Rocky Mountain 6 - Las Vegas 6
TOP OF THE 6TH
Rocky Mountain Oysters batting - Pitching for Las Vegas Hustlers : RHP Edgar Sosa
Batting: SHB Lúcio Guevara 0-0: Foul Ball, location: 25F
0-1: Ground out 4-3 (Groundball, 4, EV 83.1 MPH)
Batting: RHB Tynan Potter 0-0: Called Strike
0-1: Foul Ball, location: 23F
0-2: Fly out, F7 (Flyball, 7, EV 78.1 MPH)
Batting: LHB Steve Cahill 0-0: Ball
1-0: Called Strike
1-1: Fly out, F9 (Flyball, 9LS, EV 80.6 MPH)
Top of the 6th over - 0 runs, 0 hits, 0 errors, 0 left on base; Rocky Mountain 6 - Las Vegas 6
BOTTOM OF THE 6TH
Las Vegas Hustlers batting - Pitching for Rocky Mountain Oysters : RHP José Castro
Batting: RHB Helmut Grün 0-0: Ball
1-0: Ball
2-0: DOUBLE (Line Drive, 3D, EV 109.4 MPH)
Batting: LHB Chris Hall 0-0: Ball
1-0: Foul Ball, location: 2F
1-1: Swinging Strike
1-2: Foul Ball, location: 2F
1-2: Ball
2-2: Fly out, F7 (Flyball, 78M, EV 85.6 MPH)
Pinch Hitting: LHB Pedro Huerta 0-0: Ball
1-0: Foul Ball, location: 2F
1-1: Ball
2-1: Ball
3-1: Swinging Strike
3-2: Ground out 2-3 (Groundball, 13S, EV 64.4 MPH)
Batting: RHB Stepan Shabrov 0-0: Called Strike
0-1: Ball
1-1: Ball
2-1: Ball
3-1: SINGLE (Groundball, 34D, EV 95.6 MPH)
Helmut Grün to third
Runner from 3rd tries for Home, SAFE, throw by RF to home
Stepan Shabrov to second
Batting: RHB Randy Wright 0-0: Ball
1-0: Ball
2-0: Foul Ball, location: 5SF
2-1: Foul Ball, location: 2F
2-2: Strikes out swinging
Bottom of the 6th over - 1 run, 2 hits, 0 errors, 1 left on base; Rocky Mountain 6 - Las Vegas 7
TOP OF THE 7TH
Rocky Mountain Oysters batting - Pitching for Las Vegas Hustlers : RHP Edgar Sosa
Now at 2B: Stepan Shabrov
Now at 3B: Randy Wright
Now in LF: Mario Romero
Batting: LHB Max Shepperson 0-0: Ball
1-0: SINGLE (Flyball, 89M, EV 88.8 MPH)
Batting: RHB Malik bin Mazin 0-0: Ball
1-0: Foul Ball, location: 2LF
1-1: Ball
2-1: Ball
3-1: Fly out, F4 (Popup, 34D, EV 68.8 MPH)
Batting: RHB Nam-cheol U 0-0: Grounds into double play, U4-3 (Groundball, 6MS, EV 86.3 MPH)
Top of the 7th over - 0 runs, 1 hit, 0 errors, 0 left on base; Rocky Mountain 6 - Las Vegas 7
BOTTOM OF THE 7TH
Las Vegas Hustlers batting - Pitching for Rocky Mountain Oysters : RHP José Castro
Batting: RHB Stewart Turton 0-0: Fly out, F3 (Popup, 3SF, EV 72.5 MPH)
Batting: RHB Mike Cox 0-0: Ball
1-0: Called Strike
1-1: Swinging Strike
1-2: Ball
2-2: Ground out U3 (Groundball, 3, EV 87.5 MPH)
Batting: RHB Bryan Harris 0-0: Called Strike
0-1: Ball
1-1: Ball
2-1: Ball
3-1: Base on Balls
Batting: RHB Tom Rudge 0-0: Ball
1-0: Ball
2-0: Called Strike
2-1: Fly out, F9 (Flyball, 89M, EV 83.1 MPH)
Bottom of the 7th over - 0 runs, 0 hits, 0 errors, 1 left on base; Rocky Mountain 6 - Las Vegas 7
TOP OF THE 8TH
Rocky Mountain Oysters batting - Pitching for Las Vegas Hustlers : RHP Edgar Sosa
Batting: RHB Mal Fountain 0-0: Fly out, F8 (Flyball, 8LD, EV 98.1 MPH)
Batting: RHB Federico Linares 0-0: Ball
1-0: DOUBLE (Line Drive, 8LXD, EV 105.0 MPH)
Pitching: LHP Steve Warren
Pinch Hitting: RHB Dylan Malloch 0-0: Ball
Federico Linares steals 3rd base
1-0: Foul Ball, location: 2F
1-1: Ball
2-1: Called Strike
2-2: Ball
3-2: Base on Balls
Batting: SHB Lúcio Guevara 0-0: Ball
1-0: Ball
2-0: Ball
3-0: Base on Balls
Dylan Malloch to second
Batting: RHB Tynan Potter 0-0: Ball
1-0: Called Strike
1-1: Ball
2-1: Called Strike
2-2: Hit by Pitch
Federico Linares scores
Dylan Malloch to third
Lúcio Guevara to second
Pinch Hitting: RHB Ka'im Muntasir 0-0: Ball
1-0: Called Strike
1-1: Ball
2-1: Swinging Strike
2-2: Foul Ball, location: 7LMF
2-2: Foul Ball, location: 25FF
2-2: Foul Ball, location: 2F
2-2: Ball
3-2: Base on Balls
Dylan Malloch scores
Lúcio Guevara to third
Tynan Potter to second
Batting: RHB Juan Miranda 0-0: Ball
1-0: Ball
2-0: Called Strike
2-1: Called Strike
2-2: Fly out, F7 (Flyball, 78M, EV 92.5 MPH)
Batting: RHB Malik bin Mazin 0-0: Ball
1-0: Called Strike
1-1: SINGLE (Groundball, 56D, EV 105.0 MPH)
Lúcio Guevara scores
Tynan Potter to third
Ka'im Muntasir to second
Pitching: RHP Adamnan Maryadi
Batting: RHB Nam-cheol U 0-0: Swinging Strike
0-1: Foul Ball, location: 5F
0-2: Ball
1-2: Foul Ball, location: 5FF
1-2: Fly out, F4 (Popup, 4, EV 78.8 MPH)
Top of the 8th over - 3 runs, 2 hits, 0 errors, 3 left on base; Rocky Mountain 9 - Las Vegas 7
BOTTOM OF THE 8TH
Las Vegas Hustlers batting - Pitching for Rocky Mountain Oysters : RHP José Castro
Pitching: RHP Ommar bin Ayyub
Now at 2B: Ka'im Muntasir
Now in CF: Federico Linares
Now in RF: Jack Franklin
Batting: RHB Helmut Grün 0-0: Ball
1-0: Called Strike
1-1: Foul Ball, location: 9LSF
1-2: Fly out, F8 (Flyball, 8LD, EV 103.8 MPH)
Batting: LHB Chris Hall 0-0: Ball
1-0: Ball
2-0: Ball
3-0: Base on Balls
Pinch Hitting: LHB Czar Mamatulin 0-0: Ball
1-0: Ball
2-0: Swinging Strike
2-1: Called Strike
2-2: Ball
3-2: Strikes out looking
Batting: RHB Stepan Shabrov 0-0: Ball
1-0: Ground out 4-3 (Groundball, 4, EV 85.0 MPH)
Bottom of the 8th over - 0 runs, 0 hits, 0 errors, 1 left on base; Rocky Mountain 9 - Las Vegas 7
TOP OF THE 9TH
Rocky Mountain Oysters batting - Pitching for Las Vegas Hustlers : RHP Adamnan Maryadi
Now in LF: Kidane Ata
Batting: RHB Mal Fountain 0-0: Called Strike
0-1: Ball
1-1: Foul Ball, location: 23F
1-2: DOUBLE (Flyball, 89D, EV 95.0 MPH)
Batting: RHB Federico Linares 0-0: Intentional Walk
Batting: RHB Jack Franklin 0-0: Called Strike
0-1: Ball
1-1: Ball
2-1: Foul Ball, location: 2F
2-2: Strikes out looking
Batting: SHB Lúcio Guevara 0-0: Swinging Strike
0-1: Ball
1-1: Foul Ball, location: 3SF
1-2: Strikes out looking
Batting: RHB Tynan Potter 0-0: Ball
1-0: Fielders Choice at 2nd, 6-4 (Groundball, 6, EV 76.3 MPH)
Top of the 9th over - 0 runs, 1 hit, 0 errors, 2 left on base; Rocky Mountain 9 - Las Vegas 7
BOTTOM OF THE 9TH
Las Vegas Hustlers batting - Pitching for Rocky Mountain Oysters : RHP Ommar bin Ayyub
Pitching: RHP Micheal Dixon
Now in LF: Federico Linares
Now in CF: Júlio Bodon
Batting: RHB Randy Wright 0-0: Called Strike
0-1: Ball
1-1: Ball
2-1: Foul Ball, location: 5F
2-2: Ball
3-2: Ground out 5-3 (Groundball, 56, EV 109.4 MPH)
Pinch Hitting: LHB Carlton Casson 0-0: Ball
1-0: Swinging Strike
1-1: Called Strike
1-2: Ball
2-2: SOLO HOME RUN (Flyball, 7LD, EV 98.1 MPH), Distance : 369 ft
Batting: RHB Mike Cox 0-0: Ball
1-0: Ball
2-0: Ball
3-0: Foul Ball, location: 9LMF
3-1: Called Strike
3-2: Fly out, F8 (Flyball, 78D, EV 104.4 MPH)
Pinch Hitting: RHB Claudio Morgan 0-0: Foul Ball, location: 2F
0-1: Ball
1-1: Ball
2-1: Foul Ball, location: 25F
2-2: Ball
3-2: DOUBLE (Line Drive, 9LS, EV 107.5 MPH)
Batting: RHB Tom Rudge 0-0: Ball
1-0: Ball
2-0: Ball
3-0: Base on Balls
Batting: RHB Helmut Grün 0-0: Called Strike
0-1: Hit by Pitch
Claudio Morgan to third
Tom Rudge to second
Batting: LHB Chris Hall 0-0: Called Strike
0-1: Called Strike
0-2: Ball
1-2: Foul Ball, location: 2F
1-2: Strikes out swinging
Bottom of the 9th over - 1 run, 2 hits, 0 errors, 3 left on base; Rocky Mountain 9 - Las Vegas 8
Sunday, May 19th , 2024 - OOTP Baseball 25.4 Build 64